 Dungeon Crawl Stone Soup version 0.19-a0-27-g415f530 (webtiles) character file.

1043 jyri the Grappler (level 8, -1/63 HPs)
             Began as a Ghoul Monk on May 1, 2016.
             Was a Believer of Yredelemnul.
             Slain by an orc warrior
             ... wielding a +0 trident
              (14 damage)
             ... on level 6 of the Dungeon.
             The game lasted 00:39:17 (5384 turns).

jyri the Grappler (Ghoul Monk)                      Turns: 5384, Time: 00:39:18

Health: -1/63      AC: 10    Str: 17    XL:     8   Next: 25%
Magic:  10/16      EV:  4    Int:  5    God:    Yredelemnul [**....]
Gold:   195        SH:  3    Dex: 11    Spells: 0 memorised, 7 levels left

rFire  . . .     SeeInvis +     a - +8 falchion "Ghoul's Death" {slice, MP+9}
rCold  + . .     Gourm    .     o - +0 plate armour
rNeg   + + +     Faith    .     E - +0 buckler
rPois  ∞         Spirit   .     j - +0 hat {SInv}
rElec  .         Dismiss  .     (no cloak)
rCorr  .         Reflect  .     (no gloves)
SustAt .         Harm     .     (no boots)
MR     .....                    (no amulet)
Stlth  ..........               (no ring)
                                (no ring)

@: rotting, not resistant to hostile enchantments, extremely unstealthy
A: rotting body, claws 1, carnivore 3, cold resistance 1, negative energy
resistance 3, slow regeneration 1, torment resistance, unbreathing
a: Animate Remains, Recall Undead Slaves, Injury Mirror, Renounce Religion


You were on level 6 of the Dungeon.
You worshipped Yredelemnul.
Yredelemnul was pleased with you.
You were not hungry.

You visited 2 branches of the dungeon, and saw 7 of its levels.

You collected 195 gold pieces.

Inventory:

Hand Weapons
 a - the +8 falchion "Ghoul's Death" (weapon) {slice, MP+9}
   (You found it on level 4 of the Dungeon)

   It inflicts extra damage upon your enemies.
   It affects your magic capacity (+9).
 b - a +0 hunting sling
 B - a +0 shortbow
Missiles
 c - 107 arrows
 m - 100 sling bullets
Armour
 j - a +0 hat of see invisible (worn)
 o - a +0 plate armour (worn)
 p - a +0 helmet
 D - a +0 leather armour of fire resistance
 E - a +0 buckler (worn)
Wands
 w - a wand of lightning (9/15)
 x - a wand of paralysis (10/24)
Scrolls
 d - a scroll of fog
 e - a scroll of enchant weapon
 i - 11 scrolls of remove curse {unknown}
 l - 4 scrolls of amnesia
 s - a scroll of magic mapping
 v - a scroll of blinking
Potions
 f - 2 potions of magic
 g - 2 potions of mutation
 h - a potion of might
 q - a potion of curing
 r - a potion of lignification
 t - a potion of haste
 u - a potion of cure mutation
 y - a potion of brilliance
 z - a potion of degeneration
 C - a potion of heal wounds
 F - 2 potions of flight {unknown}
Comestibles
 k - a beef jerky
 n - 4 meat rations


   Skills:
 - Level 3.2 Fighting
 - Level 2.6 Dodging
 - Level 2.1 Stealth
 * Level 11.0 Unarmed Combat


You had 7 spell levels left.
You didn't know any spells.

Dungeon Overview and Level Annotations

Branches:
Dungeon (6/15)             Temple (1/1) D:5

Altars:
Ashenzari
Cheibriados
Dithmenos
Fedhas
Gozag
Kikubaaqudgha
Makhleb
Nemelex Xobeh
Okawaru
Pakellas
Qazlal
Ru
Sif Muna
Trog
Vehumet
Yredelemnul
Zin
The Shining One


Innate Abilities, Weirdness & Mutations

Your body is rotting away.
You thrive on raw meat.
You are immune to poison.
You have sharp fingernails.
You are carnivorous and can eat meat at any time.
Your flesh is cold resistant.
You are immune to negative energy.
You regenerate slowly when monsters are visible.
You are immune to unholy pain and torment.
You can survive without breathing.


Message History

The orc wizard casts a spell at you.
You are confused.
You're too confused to move!
The orc warrior hits you from afar with a trident.
The orc wizard hits your giant frog zombie with a dagger.
Your giant frog zombie closely misses the orc warrior.
Your giant frog zombie hits the orc warrior but does no damage.
The orc wizard hits your giant frog zombie but does no damage.
You feel less confused.
The orc warrior hits you with a trident!
* * * LOW HITPOINT WARNING * * *
Your giant frog zombie hits the orc warrior.
The orc wizard points at you and mumbles some strange words.
The magic dart hits your giant frog zombie.
Eat which item? (? for menu, Esc to quit)
Okay, then.
Your giant frog zombie barely misses the orc warrior.
The orc warrior hits you from afar with a trident!
You die...
Yredelemnul claims you as an undead slave.

..............# #.....
..............###(....
.....................#......
....... #..............((...
....... #.......o.......(..#
.......##.......##....#..)†.
.......#..##..Z.##.....##((.
#............o..#....##.##..
........#..@..#..##.## #.##.
........#.###...###.# ## .
##.....<..###...####.## .
#............#.......# .
#..............#..#### .
....#....##....#..#..# .
.......#.###...#.#.#.#
....#....# #..##.##.##
....#....###..# .# ##


You could see an orc warrior, an orc wizard (invisible) and a friendly giant
frog zombie.

Vanquished Creatures
  An ogre (D:3)
  A centaur (D:5)
  A giant frog (D:6)
  A scorpion (D:4)
  A howler monkey (D:6)
  A hound (D:5)
  3 jellies
  3 orc priests
  4 orc wizards
  2 worker ants (D:5)
  A hound zombie (D:5)
  A hound skeleton (D:4)
  Robin (D:2)
  A howler monkey skeleton (D:4)
  3 adders
  4 gnolls (D:4)
  A shadow imp (D:6)
  An ooze (D:3)
  7 worms
  2 dart slugs (D:1)
  3 giant geckos
  25 orcs
  2 ball pythons
  5 bats
  7 giant cockroaches
  16 goblins
  12 hobgoblins
  19 jackals
  2 quokkas
  A ball python skeleton (D:4)
  7 giant newts
  10 kobolds
  A quokka zombie (D:5)
  14 rats
  A fungus (D:2)
165 creatures vanquished.

Vanquished Creatures (collateral kills)
  An orc priest (D:6)
  An orc (D:6)
2 creatures vanquished.

Vanquished Creatures (others)
  An orc wizard (D:4)
1 creature vanquished.

Grand Total: 168 creatures vanquished

Notes
Turn   | Place    | Note
--------------------------------------------------------------
     0 | D:1      | jyri the Ghoul Monk began the quest for the Orb.
     0 | D:1      | Reached XP level 1. HP: 19/19 MP: 0/0
   191 | D:1      | Reached XP level 2. HP: 8/25 MP: 1/1
   368 | D:1      | Reached skill level 5 in Unarmed Combat
   879 | D:1      | Reached XP level 3. HP: 29/31 MP: 2/2
  1255 | D:2      | Found a sacrificial altar of Ru.
  1369 | D:2      | Found a glowing golden altar of the Shining One.
  1450 | D:2      | Reached skill level 6 in Unarmed Combat
  1450 | D:2      | Reached XP level 4. HP: 25/38 MP: 3/3
  1466 | D:2      | Found a deep blue altar of Sif Muna.
  1471 | D:2      | Found a bloodstained altar of Trog.
  1492 | D:2      | Found a glowing silver altar of Zin.
  1688 | D:2      | Noticed Robin
  1756 | D:2      | Killed Robin
  2167 | D:2      | Reached XP level 5. HP: 44/45 MP: 4/4
  2194 | D:3      | Reached skill level 7 in Unarmed Combat
  2304 | D:3      | Found a stormy altar of Qazlal.
  2369 | D:3      | Noticed an ogre
  2440 | D:3      | Killed an ogre
  2440 | D:3      | Reached skill level 8 in Unarmed Combat
  2440 | D:3      | Reached XP level 6. HP: 10/51 MP: 5/5
  2936 | D:3      | Found a shadowy altar of Dithmenos.
  3587 | D:4      | Reached XP level 7. HP: 34/55 MP: 6/6
  3594 | D:4      | Reached skill level 9 in Unarmed Combat
  4397 | D:4      | Got an ancient falchion
  4410 | D:4      | Identified the +8 falchion "Ghoul's Death" {slice, MP+9} (You found it on level 4 of the Dungeon)
  4413 | D:5      | Entered Level 5 of the Dungeon
  4438 | D:5      | Reached skill level 10 in Unarmed Combat
  4791 | D:5      | Found a staircase to the Ecumenical Temple.
  4798 | Temple   | Entered the Ecumenical Temple
  4878 | Temple   | Became a worshipper of Yredelemnul the Dark
  4878 | Temple   | Reached * piety under Yredelemnul
  4878 | Temple   | Reached ** piety under Yredelemnul
  4942 | D:5      | Reached XP level 8. HP: 61/63 MP: 7/7
  5342 | D:6      | Reached skill level 11 in Unarmed Combat
  5384 | D:6      | Slain by an orc warrior

Vault maps used:
D:1:      dpeg_arrival_sounds_slurp
D:2:      kennysheep_goblin_castle, minmay_overflow_temple_star_quad,
          nicolae_tso_carved_into_rock, nicolae_ru_the_path_less_chosen
D:3:      lemuel_round_altar, lemuel_coloured_pillars_altar, first_bread
D:4:      kennysheep_big_empty_room, kennysheep_generic_room_6
D:5:      lemuel_upstairs_altar, temple_doors_e, minmay_misc_feat_cross
D:6:      serial_shops, shop, evilmike_ruin_ashenzari
Temple:   circular_temple_12

Skill      XL: |  1  2  3  4  5  6  7  8 |
---------------+-------------------------+-----
Unarmed Combat | 5 6 8 10 11 | 11.0
Fighting       | |  3.2
Dodging        | |  2.6
Stealth        | |  2.1

Action                   |  1- 3 |  4- 6 |  7- 9 || total
-------------------------+-------+-------+-------++-------
Melee: Unarmed           |   123 |   264 |    86 ||   473
       Punch             |     1 |     1 |     5 ||     7
       Falchion          |       |       |    51 ||    51
 Fire: Hunting sling     |     4 |     8 |    21 ||    33
Invok: Animate Remains   |       |       |     1 ||     1
  Use: Potion            |       |     1 |       ||     1
       Scroll            |       |       |    15 ||    15
 Stab: Sleeping          |     1 |       |       ||     1
  Eat: Chunk             |    15 |    30 |    22 ||    67
Armor: Ring mail         |    55 |       |       ||    55
       Plate armour      |       |   185 |    95 ||   280
Dodge: Dodged            |   102 |    56 |    32 ||   190
Block: Buckler           |       |       |     4 ||     4
